 Dungeon Crawl Stone Soup version 0.27-a0-1105-g946c659c87 (webtiles) character file.

Game seed: 4626782609099344075

327 siradein the Destroyer (level 6, -5/32 HPs)
             Began as a Tengu Conjurer on May 1, 2021.
             Slain by a scorpion zombie (6 damage)
             ... in an ossuary.
             The game lasted 00:07:02 (2974 turns).

siradein the Destroyer (Tengu Conjurer)             Turns: 2974, Time: 00:07:03

Health: -5/32      AC:  3    Str:  8    XL:     6   Next: 50%
Magic:  11/13      EV: 14    Int: 20    God:
Gold:   97         SH:  0    Dex: 12    Spells: 8/14 levels left

rFire    . . .     SeeInvis .   m - +0 halberd (vorpal)
rCold    . . .     Faith    .   (shield currently unavailable)
rNeg     . . .     Spirit   .   a - +0 robe
rPois    .         Reflect  .   n - +1 hat
rElec    .         Harm     .   (no cloak)
rCorr    .         Rampage  .   (no gloves)
Will     .....                  (boots unavailable)
Stlth    ++........             (no amulet)
HPRegen  0.10/turn              (no ring)
MPRegen  0.13/turn              (no ring)

@: flying quickly and evasively, quick
A: beak, talons 3, nimble flight
a: no special abilities


You were in an ossuary.
You visited 1 branch of the dungeon, and saw 6 of its levels.
You also visited: Ossuary.

You collected 97 gold pieces.

Inventory:

Hand Weapons
 m - a +0 vorpal halberd (weapon)
Armour
 a - a +0 robe (worn)
 n - a +1 hat (worn)
Wands
 i - a wand of digging (4)
 j - a wand of iceblast (9)
Scrolls
 c - 2 scrolls of amnesia {unknown}
 d - a scroll of blinking {unknown}
 f - a scroll of enchant weapon {unknown}
 g - a scroll of fear {unknown}
 h - a scroll of immolation {unknown}
Potions
 b - a potion of berserk rage
 e - 2 potions of ambrosia
 k - a potion of degeneration {unknown}
 l - a potion of cancellation {unknown}


   Skills:
 - Level 2.1 Dodging
 - Level 2.0 Stealth
 + Level 4.5 Spellcasting
 + Level 8.0 Conjurations


You had 8 spell levels left.
You knew the following spells:

 Your Spells              Type           Power      Damage    Failure   Level
a - Magic Dart            Conj           100%       1d8       1%          1
b - Searing Ray           Conj           72%        3d6       1%          2
c - Dazzling Flash        Conj/Hex       40%        N/A       7%          3

Your spell library contained the following spells:

 Spells                   Type           Power      Damage    Failure   Level
 Fulminant Prism          Conj/Hex       10%        3d9       24%         4
 Iskenderun's Mystic Bla  Conj/Tloc      20%        2d6       24%         4


Dungeon Overview and Level Annotations

Branches:
Dungeon (6/15)            Ossuary (1/1)
 Temple: D:4-7

Altars:
Xom


Innate Abilities, Weirdness & Mutations

You have a beak for a mouth.
You have claws for feet.
Your magical nature lets you fly swiftly and evasively.


Message History

* * * LOW HITPOINT WARNING * * *
The centaur zombie kicks you but does no damage.
The centaur zombie closely misses you. The centaur zombie barely misses you.
The centaur zombie hits you.
* * * LOW HITPOINT WARNING * * *
The centaur zombie closely misses you.
You puncture the centaur zombie!
The centaur zombie is almost destroyed.
The centaur zombie barely misses you.
The centaur zombie kicks you but does no damage.
The scorpion zombie closely misses you. The centaur zombie barely misses you.
The centaur zombie completely misses you.
The centaur zombie barely misses you. The centaur zombie closely misses you.
The scorpion zombie barely misses you. The centaur zombie barely misses you.
The centaur zombie closely misses you.
You hit the centaur zombie.
You destroy the centaur zombie!
The centaur zombie hits you.
* * * LOW HITPOINT WARNING * * *
The centaur zombie barely misses you. The scorpion zombie misses you.
The centaur zombie hits you.
* * * LOW HITPOINT WARNING * * *
The centaur zombie closely misses you.
Your Conjurations skill increases to level 8!
The centaur zombie closely misses you. The centaur zombie misses you.
The centaur zombie hits you.
* * * LOW HITPOINT WARNING * * *
The centaur zombie kicks you but does no damage.
The scorpion zombie hits you.
* * * LOW HITPOINT WARNING * * *
Casting: Magic Dart (safe; 1% risk of failure)
Confirm with . or Enter, or press ? or * to list all spells.
Aiming: Searing Ray (safe; 1% risk of failure)
Press: ? - help, Shift-Dir - straight line, f - centaur zombie
Aim: a centaur zombie (severely damaged, 100% to hit)
The searing ray hits the centaur zombie!
You destroy the centaur zombie! (Press . to maintain the ray.)
The scorpion zombie hits you.
You die...

#.....#.....#
#.....8.....#
#...........#
#...........#
###8.....8###
#...........#
#...........#
#.....8...Z.#
+.....#....@#
#.....#.....#
#############


You could see a scorpion zombie.

Vanquished Creatures
  A scorpion (Ossuary)
  2 centaur zombies (Ossuary)
  A human zombie (Ossuary)
  A jelly (D:4)
  2 scorpion zombies (Ossuary)
  Robin (D:2)
  4 gnolls (D:4)
  2 adders
  2 worms
  A dart slug (D:1)
  5 bats
  4 endoplasms
  2 giant cockroaches (D:1)
  9 goblins
  7 hobgoblins
  A kobold (D:2)
  A quokka (D:2)
  3 ball pythons
  3 frilled lizards
  A hobgoblin zombie (Ossuary)
  2 kobold zombies (Ossuary)
  2 rats (D:1)
57 creatures vanquished.

Notes
Turn   | Place    | Note
-------+----------+-------------------------------------------
     0 | D:1      | siradein the Tengu Conjurer began the quest for the Orb.
     0 | D:1      | Reached XP level 1. HP: 10/10 MP: 4/4
   267 | D:1      | Reached XP level 2. HP: 15/15 MP: 1/6
   503 | D:1      | Learned a level 2 spell: Searing Ray
   982 | D:2      | Found a shimmering altar of Xom.
  1048 | D:2      | Noticed Robin
  1051 | D:2      | Reached XP level 3. HP: 19/19 MP: 4/7
  1052 | D:2      | Killed Robin
  1053 | D:2      | Reached skill level 6 in Conjurations
  1694 | D:3      | Found a faded altar of an unknown god.
  1753 | D:3      | Reached XP level 4. HP: 24/24 MP: 4/9
  1757 | D:3      | Learned a level 3 spell: Dazzling Flash
  2527 | D:4      | You fall into a shaft and drop 2 floors!
  2534 | D:5      | Entered Level 5 of the Dungeon
  2565 | D:4      | Reached skill level 7 in Conjurations
  2565 | D:4      | Gained mutation: Your magical nature lets you fly swiftly
                  | and evasively. [Tengu growth]
  2565 | D:4      | Reached XP level 5. HP: 19/28 MP: 7/11
  2668 | D:4      | Found a sand-covered staircase.
  2673 | Ossuary  | Entered an ossuary
  2798 | Ossuary  | Reached XP level 6. HP: 30/32 MP: 4/13
  2964 | Ossuary  | Reached skill level 8 in Conjurations
  2967 | Ossuary  | HP: 1/32 [centaur zombie (1)]
  2972 | Ossuary  | HP: 1/32 [scorpion zombie (1)]
  2974 | Ossuary  | Slain by a scorpion zombie

Illustrated notes

Levels and vault maps discovered:
D:1:      roderic_crossed_star, layout_basic, hangedman_decor_push
D:2:      layout_basic, basic_altar, uniq_robin
D:3:      layout_loops_ring, shapermc_ecumenical_altar_mp_ritualfount
D:4:      layout_basic, enter_ossuary_5, minmay_misc_feat_enclosed
D:5:      layout_loops_ring, lemuel_crystal_altar, minmay_misc_feat_hallway
D:6:      layout_cave_pods, item_on_display_a, uniq_edmund, uniq_blork_the_orc,
          uniq_prince_ribbit1
Ossuary:  ossuary_minmay_scorpions

Skill      XL: |  1  2  3  4  5  6 |
---------------+-------------------+-----
Conjurations   | 6 7 8 |  8.0
Spellcasting   | 3 4 |  4.5
Dodging        | |  2.1
Stealth        | |  2.0

Action                   |  1- 3 |  4- 6 || total
-------------------------+-------+-------++-------
Melee: Unarmed           |     3 |       ||     3
       Peck              |     1 |     2 ||     3
       Halberd           |       |    17 ||    17
       Kick              |       |     4 ||     4
 Cast: Magic Dart        |    49 |    44 ||    93
       Searing Ray       |     3 |     5 ||     8
  Use: Scroll            |       |     2 ||     2
Armor: Robe              |     1 |    23 ||    24
Dodge: Dodged            |     7 |    71 ||    78

Table legend: (Time is in decaauts)
 A = Elapsed time spent in this place.
 B = Non-inter-level travel time spent in this place.
 C = Inter-level travel time spent in this place.
 D = Time resting spent in this place.
 E = Time spent auto-exploring this place.
 F = Levels seen in this place.
 G = Mean time per level.
                   A        B        C        D        E       F      G
               +--------+--------+--------+--------+--------+-----+--------+
         Total |   2969 |   2884 |     85 |    137 |   2232 |   7 |  424.1 |
       Dungeon |   2665 |   2580 |     85 |     46 |   2099 |   6 |  444.2 |
       Ossuary |    304 |    304 |      0 |     91 |    133 |   1 |  304.0 |
               +--------+--------+--------+--------+--------+-----+--------+

Top non-repeatable levels by time:
     D:2: 941 daAuts
     D:3: 751 daAuts
     D:1: 749 daAuts
 Ossuary: 304 daAuts
     D:4: 197 daAuts
     D:5: 18 daAuts
     D:6: 6 daAuts
